 Dungeon Sprint DCSS version 0.17-a0-1691-g18a3847 (webtiles) character file.

3896 cmyster the Imperceptible (level 10, -2/53 HPs)
             Began as a Spriggan Assassin on Aug 20, 2015.
             Was a Believer of Dithmenos.
             Slain by a trapdoor spider (20 damage)
             ... in the Dungeon (Sprint I: "Red Sonja").
             The game lasted 00:06:55 (592 turns).

cmyster the Imperceptible (Spriggan Assassin)        Turns: 592, Time: 00:06:55

Health: -2/53      AC:  3    Str: 12    XL:     10   Next: 0%
Magic:  11/11      EV: 24    Int: 12    God:    Dithmenos [**....]
Gold:   390        SH:  0    Dex: 22    Spells: 0 memorised, 9 levels left

rFire  . . .     SeeInvis +     a - +2 dagger
rCold  . . .     Clarity  .     c - +0 robe
rNeg   . . .     SustAt   .     (shield restricted)
rPois  .         Gourm    .     (helmet restricted)
rElec  .         Spirit   .     d - +0 cloak
rCorr  .         Warding  .     (gloves unavailable)
rMut   .         NoTele   +     (boots unavailable)
MR     +....                    (no amulet)
Stlth  ++++++++++               (no ring)
                                s - ring of Pessimism {EV+2 Str+5 Stlth+}

@: lethally poisoned (-2 -> -60), wreathed by umbra, very quick, somewhat
resistant to hostile enchantments, uncannily stealthy
A: unfitting armour, see invisible, herbivore 3, speed 3, slow metabolism 2
a: Shadow Step, Renounce Religion


You were in the Dungeon.
You worshipped Dithmenos.
Dithmenos was pleased with you.
You were not hungry.

You visited 1 branch You collected 783 gold pieces.
You spent 393 gold pieces at shops.

Inventory:

Hand weapons
 a - a +2 dagger (weapon)
 b - a +0 blowgun
 p - a +8 blowgun
 q - a +0 dagger of draining
Missiles
 e - 8 poisoned needles
 f - 7 curare-tipped needles
Armour
 c - a +0 robe (worn)
 d - a +0 cloak (worn)
Jewellery
 s - the ring of Pessimism (left hand) {EV+2 Str+5 Stlth+}
   (You bought it in a shop in the Dungeon)

   [ring of evasion]

   It affects your evasion (+2).
   It affects your strength (+5).
   It makes you more stealthy.
Scrolls
 m - a scroll of blinking
 n - a scroll of identify {unknown}
 r - a scroll of fear {unknown}
Potions
 i - 3 potions of heal wounds
 j - a potion of haste
 k - 2 potions of magic
 l - a potion of berserk rage
 o - a potion of flight {unknown}
Comestibles
 g - 3 bread rations


   Skills:
 + Level 5.8 Fighting
 + Level 7.1 Short Blades
 + Level 9.6 Throwing
 + Level 5.5 Dodging
 + Level 25.9 Stealth


You had 9 spell levels left.
You didn't know any spells.

Dungeon Overview and Level Annotations

Branches:
Dungeon (1/1)

Altars:
Cheibriados
Dithmenos
Elyvilon
Fedhas
Gozag
Kikubaaqudgha
Makhleb
Nemelex Xobeh
Okawaru
Qazlal
Ru
Sif Muna
Trog
Vehumet
Xom
Yredelemnul
Zin
The Shining One
Jiyva

Shops:
D *=[


Innate Abilities, Weirdness & Mutations

You are tiny and cannot use many weapons and most armour.
You have supernaturally acute eyesight.
You are a herbivore.
You cover ground extremely quickly.
You need consume almost no food.


Message History

The trapdoor spider is moderately wounded.
You feel sick. The trapdoor spider bites you.
You are lethally poisoned!
The trapdoor spider poisons you!
You hit the trapdoor spider but do no damage.
The trapdoor spider is moderately wounded.
You feel sick. The trapdoor spider bites you!!
* * * LOW HITPOINT WARNING * * *
You are more poisoned.
The trapdoor spider poisons you!
You barely miss the trapdoor spider.
The trapdoor spider is moderately wounded.
* * * LOW HITPOINT WARNING * * *
You feel very sick. The trapdoor spider barely misses you.
Drink which item? (? for menu, Esc to quit)
You feel much better.
You feel very sick. The trapdoor spider bites you!!
You die...

'..#..'..'..#...##+#
#####'#__####)..+ss#
#...#.####§§#####ss+
#..##.#§≈§§§#..# ##
##'#..+≈≈§§§+..#
÷'..._#§§§.)#..#
##_.#'##+#####+###
###'#)#[...###.'.#
###.####'###.###@#
.'...'.....'%∩##s#
##...###########§#
##.## #.# #+# +§#
#§# #§#


You could see a trapdoor spider.

Vanquished Creatures
  2 centaur warriors (D)
  Sonja (D)
  A deep troll (D)
  An oklob plant (D)
  2 kobold demonologists (D)
  A slime creature (D)
  Sigmund (D)
  A yak (D)
  An ogre (D)
  A wasp (D)
  Ijyb (D)
  A jelly (D)
  A giant eyeball (D)
15 creatures vanquished.

Notes
Turn   | Place    | Note
--------------------------------------------------------------
     0 | D        | cmyster the Spriggan Assassin began the quest for the Orb.
     0 | D        | Reached XP level 1. HP: 10/10 MP: 2/2
     2 | D        | Noticed Ijyb
     5 | D        | Killed Ijyb
     5 | D        | Reached skill level 9 in Stealth
     5 | D        | Reached XP level 2. HP: 13/15 MP: 3/3
     9 | D        | Noticed an ogre
    44 | D        | Killed an ogre
    44 | D        | Reached skill level 12 in Stealth
    44 | D        | Reached XP level 3. HP: 16/19 MP: 4/4
    44 | D        | Reached XP level 4. HP: 19/23 MP: 5/5
    77 | D        | Noticed Sigmund
    82 | D        | Killed Sigmund
    82 | D        | Reached skill level 5 in Throwing
    82 | D        | Reached skill level 15 in Stealth
    82 | D        | Reached XP level 5. HP: 24/28 MP: 6/6
    82 | D        | Reached XP level 6. HP: 27/32 MP: 7/7
    97 | D        | Found a snail-covered altar of Cheibriados.
    97 | D        | Found a viscous altar of Jiyva.
    97 | D        | Found a shadowy altar of Dithmenos.
    97 | D        | Found a blossoming altar of Fedhas.
    97 | D        | Noticed a slime creature
   100 | D        | Killed a slime creature
   100 | D        | Reached skill level 5 in Short Blades
   100 | D        | Reached skill level 17 in Stealth
   103 | D        | Became a worshipper of Dithmenos the Shadowed
   109 | D        | Found a deep blue altar of Sif Muna.
   110 | D        | Noticed a jelly
   111 | D        | Found a radiant altar of Vehumet.
   117 | D        | Killed a jelly
   147 | D        | Found Nyevul's Jewellery Emporium.
   147 | D        | Found a white marble altar of Elyvilon.
   147 | D        | Found a stormy altar of Qazlal.
   147 | D        | Found a burning altar of Makhleb.
   147 | D        | Found a sacrificial altar of Ru.
   147 | D        | Found a basalt altar of Yredelemnul.
   147 | D        | Found a glowing golden altar of the Shining One.
   147 | D        | Found a sparkling altar of Nemelex Xobeh.
   147 | D        | Found a shimmering altar of Xom.
   147 | D        | Found an opulent altar of Gozag.
   147 | D        | Found an ancient bone altar of Kikubaaqudgha.
   147 | D        | Found a glowing silver altar of Zin.
   147 | D        | Noticed a yak
   148 | D        | Found an iron altar of Okawaru.
   149 | D        | Killed a yak
   149 | D        | Reached skill level 18 in Stealth
   149 | D        | Reached XP level 7. HP: 35/37 MP: 8/8
   150 | D        | Found a bloodstained altar of Trog.
   172 | D        | Noticed Sonja
   176 | D        | Killed Sonja
   176 | D        | Reached skill level 21 in Stealth
   176 | D        | Reached XP level 8. HP: 40/42 MP: 9/9
   197 | D        | Found Jiyzxum's Assorted Antiques.
   221 | D        | Noticed a deep troll
   225 | D        | Killed a deep troll
   225 | D        | Reached skill level 5 in Fighting
   225 | D        | Reached skill level 22 in Stealth
   235 | D        | Found Cenn's Armour Emporium.
   263 | D        | Noticed a centaur warrior
   264 | D        | Noticed a centaur warrior
   268 | D        | Killed a centaur warrior
   268 | D        | Reached skill level 23 in Stealth
   268 | D        | Reached XP level 9. HP: 47/47 MP: 10/10
   271 | D        | Killed a centaur warrior
   271 | D        | Acquired Dithmenos's first power
   271 | D        | Reached skill level 24 in Stealth
   303 | D        | Bought the ring of Pessimism {EV+2 Str+5 Stlth+} for 393 gold pieces
   331 | D        | Noticed a kobold demonologist
   332 | D        | Noticed a kobold demonologist
   335 | D        | Killed a kobold demonologist
   335 | D        | Reached skill level 25 in Stealth
   345 | D        | Noticed a soul eater
   356 | D        | Killed a kobold demonologist
   364 | D        | Noticed a demonic crawler
   364 | D        | Noticed a demonic crawler
   364 | D        | Noticed a demonic crawler
   364 | D        | Noticed a demonic crawler
   520 | D        | Noticed a wasp
   528 | D        | Paralysed by a wasp for 2 turns
   538 | D        | Killed a wasp
   555 | D        | Noticed an oklob plant
   557 | D        | Killed an oklob plant
   557 | D        | Reached skill level 5 in Dodging
   557 | D        | Reached XP level 10. HP: 47/53 MP: 11/11
   567 | D        | Noticed a trapdoor spider
   591 | D        | HP: 2/53 [poisoned by a trapdoor spider]
   592 | D        | Slain by a trapdoor spider

Vault maps used:
D:        dungeon_sprint_1

Action                   |  1- 3 |  4- 6 |  7- 9 | 10-12 || total
-------------------------+-------+-------+-------+-------++-------
Melee: Dagger            |     2 |     4 |    39 |    23 ||    68
 Fire: Blowgun           |     6 |       |       |       ||     6
  Use: Potion            |       |     1 |     1 |     3 ||     5
 Stab: Sleeping          |     1 |     4 |     7 |       ||    12
